AoeStats
← noam456

MegaRandom

510808566Analyzed
2v2 RM · 7h ago on Oct 2, 2026· 66m 31s· 4 players
Game mode
Random Map
Map size
Medium (4 player)
Population
200
Speed
Normal
Resources
Standard
Victory
Conquest
Starting age
Dark Age
Ending age
Imperial Age
RankedLock teamsTeams togetherTeam positionsShared explorationLock speedFull tech treeHidden civsTurbo modeCheats
Victory
Defeat
🇺🇾 Italians · Uruguay
494
+20
🇺🇾 Lithuanians · Uruguay
456
+21
🇹🇷 Turks · Türkiye
605
-21
🇮🇱 Lithuanians · Israel
555
-20
Omer burak3514
0:40 Loom
13:16 Feudal Age
14:07 Fishing Lines
17:42 Wheelbarrow
16:55 Town Watch
17:44 Double-Bit Axe
19:04 Man-at-Arms
19:40 Arson
22:34 Castle Age
25:33 Caravan
26:13 Bloodlines
27:18 Husbandry
31:05 Bow Saw
32:27 Murder Holes
32:50 Guard Tower
34:58 Horse Collar
40:01 Imperial Age
40:08 Elite Janissary
41:51 Artillery
42:41 Ballistics
42:29 Gold Mining
43:07 Heavy Plow
44:12 Two-Man Saw
45:02 Squires
45:42 Hoardings
48:22 Heavy Scorpion
51:25 Scale Barding Armor
51:12 Fletching
51:22 Padded Archer Armor
51:33 Forging
56:18 Chain Barding Armor
63:18 Wheelbarrow
62:29 Town Watch
noam456
11:59 Feudal Age
15:19 Double-Bit Axe
19:31 Castle Age
20:32 Loom
21:01 Bow Saw
21:35 Gold Mining
22:33 Stone Mining
30:02 Wheelbarrow
31:23 Horse Collar
33:19 Hand Cart
33:08 Heavy Plow
33:39 Scale Barding Armor
34:35 Husbandry
37:14 Bloodlines
39:39 Imperial Age
39:16 Caravan
41:25 Hoardings
41:00 Cavalier
43:00 Chain Barding Armor
43:15 Elite Leitis
45:08 Chemistry
44:13 Pikeman
45:10 Tower Shields
45:18 Town Watch
47:43 Conscription
46:49 Halberdier
47:36 Squires
48:44 Town Patrol
48:59 Paladin
50:58 Guilds
52:51 Crop Rotation
53:01 Plate Barding Armor
59:08 Onager
60:34 Elite Cannon Galleon
martiinniicolas21
10:56 Feudal Age
11:31 Double-Bit Axe
11:43 Horse Collar
18:18 Padded Archer Armor
21:25 Castle Age
20:28 Scale Mail Armor
24:16 Leather Archer Armor
24:16 Chain Mail Armor
24:14 Heavy Plow
24:27 Bow Saw
25:45 Wheelbarrow
25:11 Stone Mining
25:17 Pikeman
25:21 Elite Skirmisher
30:03 Hand Cart
29:57 Caravan
30:41 Chain Mail Armor
34:28 Ballistics
33:49 Treadmill Crane
34:06 Murder Holes
34:22 Masonry
36:50 Imperial Age
34:29 Squires
39:13 Chemistry
38:50 Ring Archer Armor
38:51 Plate Mail Armor
38:11 Fletching
38:48 Conscription
41:29 Bodkin Arrow
41:45 Forging
41:57 Gold Mining
42:21 Elite Genoese Crossbowman
42:55 Arson
43:46 Bracer
44:22 Iron Casting
47:43 Silk Road
48:53 Architecture
49:02 Architecture
50:11 Blast Furnace
49:19 Scale Barding Armor
50:10 Guilds
50:18 Guilds
55:49 Two-Man Saw
55:24 Crop Rotation
DonGato
2:10 Loom
13:10 Feudal Age
14:14 Double-Bit Axe
19:04 Fletching
26:46 Castle Age
24:41 Horse Collar
24:56 Stone Mining
24:57 Gold Mining
25:29 Padded Archer Armor
26:41 Scale Barding Armor
29:03 Husbandry
33:55 Bow Saw
37:46 Bodkin Arrow
38:13 Chain Barding Armor
38:16 Ballistics
42:32 Imperial Age
44:00 Stone Shaft Mining
44:29 Two-Man Saw
43:34 Heavy Plow
47:34 Plate Barding Armor
47:00 Bracer
47:01 Scale Mail Armor
47:11 Forging
47:17 Leather Archer Armor
48:07 Chemistry
50:03 Pikeman
50:44 Squires
50:10 Light Cavalry
51:01 Bloodlines
50:12 Cavalier
51:32 Iron Casting
51:13 Chain Mail Armor
52:07 Elite Skirmisher
54:25 Tower Shields
54:34 Halberdier
55:02 Arson
55:56 Elite Leitis
57:12 Hoardings
57:00 Conscription
58:23 Wheelbarrow
57:33 Town Watch
58:31 Ring Archer Armor
57:47 Treadmill Crane
58:18 Masonry
65:28 Hill Forts
Connection lost

Rejoining the realm…

Still unreachable

The connection could not be restored.

Session expired

The server has moved on; the page needs a fresh start.